Map: 드림캐처 - 래더

Players

LiquidTLO (TLO)

  • Race: Zerg Zerg
  • League: Grandmaster
  • Spawn Location: 5:00

Solar - Winner!

  • Race: Zerg Zerg
  • Spawn Location: 11:00

Event: HomeStory Cup XVII

VOD

Have the link to the VOD?

Description

Time

  • Played on: June 28, 2018, 8:06 p.m.
  • Length: 5:59

All games in this series

Show
View Real Time Build Order
Export as new Build Order

LiquidTLO Zerg 

Build Orders: Hatch First 

Get SALT Encoding   

  12  0:00  Drone  
  13  0:09  Drone  
  14  0:18  Overlord  
  14  0:36  Drone x2  
  16  0:50  Hatchery  
  16  0:52  Drone  
  16  0:55  Drone  
  17  1:09  Spawning Pool  
  16  1:12  Drone  
  16  1:16  Drone  
  16  1:18  Extractor  
  17  1:23  Drone  
  18  1:30  Drone  
  19  1:57  Spine Crawler, Queen, Zergling x4  
  22  2:02  Zergling x2  
  22  2:03  Zergling x2  
  22  2:04  Queen  
  26  2:13  Zergling x2  
  26  2:14  Zergling x2  
  26  2:26  Drone  
  26  2:31  Drone  
  23  2:38  Drone  
  23  2:41  Drone  
  25  2:50  Drone  
  26  2:52  Drone  
  26  2:55  Drone  
  28  3:01  Overlord  
  28  3:05  Overlord  
  28  3:20  Drone  
  28  3:21  Drone x6  
  34  3:28  Drone  
  34  3:31  Lair  
  35  3:34  Drone  
  35  3:39  Extractor  
  35  3:40  Zergling x2  
  36  3:42  Evolution Chamber  
  36  3:47  Roach Warren  
  34  3:50  Drone, Extractor  
  34  3:55  Drone x2  
  36  4:00  Queen  
  38  4:05  Drone x2  
  38  4:09  Overlord  
  40  4:15  Drone  
  40  4:16  Drone  
  41  4:32  Nydus Network  
  41  4:37  Queen  
  42  4:39  Extractor  
  42  4:42  Overlord x2  
  41  4:58  Roach  
  41  4:59  Overlord  
  43  5:03  Roach x4  
  43  5:05  Roach  
  53  5:10  Roach  
  53  5:12  Roach  
  57  5:17  Nydus Canal  
  57  5:20  Roach  
  59  5:24  Roach  
  59  5:27  Roach  
  63  5:30  Roach  
  65  5:37  Nydus Canal  
  65  5:40  Roach  
Show
View Real Time Build Order
Export as new Build Order

Solar Zerg - Winner!

Build Orders: Pool First 

Get SALT Encoding   

  12  0:17  Spawning Pool  
  11  0:22  Drone  
  11  0:26  Drone  
  13  0:30  Drone  
  14  0:40  Overlord  
  14  1:03  Zergling x4  
  16  1:05  Zergling x2  
  17  1:16  Zergling x2  
  18  1:18  Hatchery  
  17  1:26  Zergling x2  
  18  1:35  Queen  
  18  1:37  Zergling x2  
  21  1:48  Overlord  
  21  1:59  Drone  
  22  2:11  Queen, Drone  
  25  2:22  Drone  
  24  2:30  Drone  
  24  2:32  Queen  
  24  2:33  Drone  
  25  2:43  Drone  
  25  2:44  Drone  
  27  2:51  Drone x2  
  27  2:52  Overlord  
  27  2:53  Drone  
  27  2:56  Drone  
  30  3:03  Drone  
  31  3:06  Overlord  
  31  3:12  Extractor x2  
  29  3:16  Drone x2  
  31  3:21  Drone x2  
  31  3:22  Drone  
  31  3:24  Drone  
  35  3:30  Overlord  
  35  3:35  Drone  
  35  3:39  Drone  
  35  3:40  Drone x2  
  39  3:41  Drone  
  39  3:48  Zergling x2  
  41  3:52  Drone x2  
  41  3:53  Drone  
  41  3:54  Drone  
  45  3:57  Evolution Chamber  
  45  4:00  Lair  
  45  4:02  Drone  
  45  4:08  Roach Warren  
  44  4:12  Drone  
  44  4:13  Drone  
  44  4:15  Drone  
  44  4:16  Extractor  
  46  4:18  Drone  
  46  4:20  Drone  
  48  4:31  Drone x3  
  51  4:36  Overlord  
  50  4:48  Hatchery  
  50  4:50  Roach  
  51  4:53  Overlord  
  51  4:55  Roach x3  
  51  4:59  Overseer  
  57  5:03  Roach  
  57  5:05  Overlord  
  59  5:10  Overlord  
  59  5:13  Roach x2  
  63  5:20  Roach x2  
  63  5:21  Overlord  
  67  5:24  Roach  
  67  5:25  Roach  
  71  5:32  Roach x2  
  71  5:33  Roach  
  71  5:35  Roach  
  79  5:39  Ravager  
Tags
 
Add a new tag
Caveats
  • Supply blocks, unpowered buildings, or Contaminate may cause inaccurate times.
  • Supply counts are checked every 10 seconds.